 Dungeon Crawl Stone Soup version 0.24.0-123-gd5b16e6ec5 (webtiles) character file.

Game seed: 7115194645215325629, levelgen mode: deterministic

95 Legadrian the Insei (level 4, 0/34 HPs)
             Began as a Human Transmuter on Feb 12, 2020.
             Slain by Blork the orc
             ... wielding a +0 war axe
              (7 damage)
             ... on level 4 of the Dungeon.
             The game lasted 00:16:43 (3345 turns).

Legadrian the Insei (Human Transmuter)              Turns: 3345, Time: 00:16:44

Health: 0/34       AC:  6    Str:  9 (11) XL:     4   Next: 97%
Magic:  7/7        EV: 11    Int: 13      God:
Gold:   76         SH:  0    Dex: 11 (14) Spells: 6/7 levels left

rFire    . . .     SeeInvis .   o - staff of death
rCold    . . .     Gourm    .   (no shield)
rNeg     + . .     Faith    .   e - +0 leather armour
rPois    .         Spirit   .   (no helmet)
rElec    .         Reflect  .   c - +2 cloak
rCorr    .         Harm     .   (no gloves)
MR       .....                  (no boots)
Stlth    +.........             (no amulet)
HPRegen  0.11/turn              (no ring)
MPRegen  0.10/turn              (no ring)

@: no status effects
A: no striking features
a: no special abilities


You were on level 4 of the Dungeon.
You were hungry.

You visited 1 branch of the dungeon, and saw 4 of its levels.

You collected 76 gold pieces.

Inventory:

Hand Weapons
 q - a +1 hunting sling
Missiles
 a - 12 arrows
 h - 39 stones
 i - a javelin (quivered)
 m - 13 bolts
Armour
 b - a +0 robe
 c - a +2 cloak (worn)
 e - a +0 leather armour (worn)
Magical Staves
 o - an uncursed staff of death (weapon)
Scrolls
 j - 4 scrolls of identify
 k - a scroll of remove curse
 n - a scroll of teleportation
Potions
 f - 3 potions of curing
Comestibles
 d - 7 rations


   Skills:
 * Level 2.5 Fighting
 - Level 0.4 Staves
 - Level 2.0 Dodging
 - Level 4.5 Unarmed Combat
 - Level 2.0 Spellcasting
 - Level 2.0 Transmutations


You had 6 spell levels left.
You knew the following spells:

 Your Spells              Type           Power        Failure   Level  Hunger
a - Beastly Appendage     Tmut           #.....       16%         1    ##.....

Your spell library contained the following spells:

 Spells                   Type           Power        Failure   Level  Hunger
 Sticks to Snakes         Tmut           #.......     24%         2    ###....
 Spider Form              Tmut/Pois      #.........   56%         3    ####...
 Ice Form                 Ice/Tmut       #.......     93%         4    #####..
 Blade Hands              Tmut           #.........   99%         5    ######.


Dungeon Overview and Level Annotations

Branches:
Dungeon (4/15)
 Temple: D:4-7

Altars:

Annotations:
D:4 Blork the orc


Message History

You are feeling hungry.
Blork the orc casts a cantrip, but nothing happens.
Blork the orc completely misses you.
You hit Blork the orc but do no damage.
Blork the orc is severely wounded.
Blork the orc looks braver for a moment.
Blork the orc hits you with a +0 war axe!
You hit Blork the orc.
Blork the orc is severely wounded.
Blork the orc casts a spell.
Blork the orc flickers and vanishes!
Deactivating autopickup; reactivate with Ctrl-A.
All of the chunks of flesh in your inventory have rotted away.
You barely miss something.
You hear some strange, mumbled words.
A puff of frost appears from out of thin air!
The puff of frost hits you!
* * * LOW HITPOINT WARNING * * *
Something hits you!
You die...

######...###.#
#..###...###.###
.........<......
................
................
#..###...######
#.. #...## ..
#....# +..@.#
#..{.# #....#
#....# ###.##
#.# ... .((


There were no monsters in sight!

Vanquished Creatures
  4 adders
  An ooze (D:3)
  3 dart slugs
  5 orcs (D:3)
  A ball python (D:3)
  3 giant cockroaches (D:1)
  8 goblins
  4 hobgoblins
  6 bats
  7 kobolds
  4 rats
46 creatures vanquished.

Notes
Turn   | Place    | Note
-------+----------+-------------------------------------------
     0 | D:1      | Legadrian the Human Transmuter began the quest for the Orb.
     0 | D:1      | Reached XP level 1. HP: 15/15 MP: 3/3
   379 | D:1      | Reached XP level 2. HP: 17/21 MP: 5/5
   769 | D:1      | Reached skill level 4 in Unarmed Combat
   769 | D:1      | Reached XP level 3. HP: 26/26 MP: 4/6
  2174 | D:3      | Reached XP level 4. HP: 19/32 MP: 5/7
  3323 | D:4      | Noticed Blork the orc
  3345 | D:4      | Slain by Blork the orc

Levels and vault maps discovered:
D:1:      minmay_arrival_checkered_box, layout_loops_corners, minmay_misc_feat_x
D:2:      layout_basic, bloody_makhleb
D:3:      layout_basic
D:4:      layout_gridville, nemelex_xobeh_ov_fountains_minmay, first_ration,
          uniq_duvessa, uniq_blork_the_orc

Skill      XL: |  1  2  3  4 |
---------------+-------------+-----
Unarmed Combat | 4 |  4.5
Fighting       | 2 |  2.5
Staves         | |  0.4
Dodging        | |  2.0
Spellcasting   | |  2.0
Transmutations | |  2.0

Action                   |  1- 3 |  4- 6 || total
-------------------------+-------+-------++-------
Melee: Unarmed           |   155 |       ||   155
       Headbutt          |     9 |     2 ||    11
       Punch             |     2 |       ||     2
       Staff             |    12 |    79 ||    91
       Kick              |     3 |     4 ||     7
Throw: Javelin           |       |    14 ||    14
 Cast: Beastly Appendage |    14 |     3 ||    17
  Use: Scroll            |     6 |     2 ||     8
       Potion            |     2 |     4 ||     6
  Eat: Chunk             |     4 |     4 ||     8
Armor: Leather armour    |    48 |    34 ||    82
Dodge: Dodged            |    95 |    53 ||   148
